 Dungeon Crawl Stone Soup version 0.17.0-24-gcfadda4 (webtiles) character file.

61 M4edhros the Sneak (level 4, -1/31 HPs)
             Began as an Octopode Chaos Knight on Nov 15, 2015.
             Slain by Natasha (5 damage)
             ... on level 2 of the Dungeon.
             The game lasted 00:01:24 (1163 turns).

M4edhros the Sneak (Octopode Chaos Knight)          Turns: 1163, Time: 00:01:24

Health: -1/31      AC:  1    Str: 11    XL:     4   Next: 7%
Magic:  4/4        EV: 12    Int: 14    God:    Xom [..*...]
Gold:   103        SH:  0    Dex: 12    Spells: 0 memorised, 3 levels left

rFire  . . .     SeeInvis .     p - +2 dagger (venom)
rCold  . . .     Clarity  .     (no shield)
rNeg   . . .     SustAt   .     (helmet restricted)
rPois  .         Gourm    .     c - amulet of inaccuracy (curse)
rElec  .         Spirit   .     (no ring)
rCorr  .         Warding  .     (no ring)
rMut   .         Stasis   .     (no ring)
MR     .....                    (no ring)
Stlth  ++++......               (no ring)
                                (no ring)
                                (no ring)
                                (no ring)

@: not resistant to hostile enchantments, stealthy
A: almost no armour, amphibious, 8 rings, constrict 8, camouflage 1, gelatinous
body 1
a: Renounce Religion


You were on level 2 of the Dungeon.
You worshipped Xom.
You were a toy of Xom.
You were hungry.

You visited 1 branch of the dungeon, and saw 2 of its levels.

You collected 103 gold pieces.

Inventory:

Hand Weapons
 a - a +0 spear of chaos
 p - a +2 dagger of venom (weapon)
Jewellery
 c - a cursed amulet of inaccuracy (around mantle)
Scrolls
 d - 2 scrolls of blinking
 e - a scroll of fog {unknown}
 f - a scroll of remove curse {unknown}
 g - a scroll of random uselessness {unknown}
 i - a scroll of teleportation {unknown}
 k - a scroll of fear {unknown}
Potions
 h - a potion of brilliance {unknown}
 j - a potion of agility {unknown}
 l - a potion of heal wounds {unknown}
 m - a potion of degeneration {unknown}
 n - a potion of cure mutation {unknown}
 o - a potion of lignification {unknown}
Comestibles
 b - a bread ration
 q - a meat ration


   Skills:
 - Level 3.0 Fighting
 + Level 3.6 Polearms
 - Level 2.3 Dodging
 * Level 4.3 Stealth


You had 3 spell levels left.
You didn't know any spells.

Dungeon Overview and Level Annotations

Branches:
Dungeon (2/15)

Altars:
Xom

Annotations:
D:2 Natasha


Innate Abilities, Weirdness & Mutations

You cannot wear most types of armour.
You are amphibious.
You can wear up to eight rings at the same time.
You can use your tentacles to constrict eight enemies at once.
Your skin changes colour to match your surroundings (Stealth).
Your rubbery body absorbs attacks (AC +1).


Message History

* * * LOW HITPOINT WARNING * * *
You hit the hobgoblin but do no damage.
The hobgoblin looks even sicker.
The hobgoblin is severely wounded.
You constrict the hobgoblin.
You kill the hobgoblin!
Things that are here:
a club; a hobgoblin corpse You start resting.
Natasha, Servant of Life and Death comes into view.
Natasha is nearby!
Natasha closely misses you.
Found a robe.
You miss Natasha. Your grab misses Natasha. Natasha claws you!
* * * LOW HITPOINT WARNING * * *
You are too injured to fight recklessly!
You hit Natasha.
Natasha is poisoned.
You grab Natasha.
Natasha is moderately wounded.
You constrict Natasha. Natasha claws you.
You die... "What!?
That's it?"

#######.#.##............##
#.......#.####......######
#.#######.# ##...#.# # #.#
##.##.# # #.# #.##.# ####
########.## .(.... ..#
....(.†.#.### ##.##.# #.#
#####.†.....######## #.
... ##.# #.#####..)..@h:#
###.#... #. #.##.........[
#..... # #....###.####.
#.#... #.###. ... .. ##.#
#.# .# ##.# . #.# ..# .# #
#. ##. .# #. K .# #.


You could see Natasha.

Vanquished Creatures
  Natasha (D:2)
  2 ball pythons
  A bat (D:1)
  A giant cockroach (D:1)
  8 hobgoblins
  7 kobolds
  A quokka (D:2)
  A giant newt (D:1)
  7 goblins
  3 jackals (D:2)
  2 rats (D:1)
34 creatures vanquished.

Notes
Turn   | Place    | Note
--------------------------------------------------------------
     0 | D:1      | M4edhros the Octopode Chaos Knight began the quest for the Orb.
     0 | D:1      | Reached XP level 1. HP: 16/16 MP: 1/1
    85 | D:1      | Found a shimmering altar of Xom.
    91 | D:1      | Reached skill level 1 in Stealth
   215 | D:1      | Reached XP level 2. HP: 18/21 MP: 2/2
   299 | D:1      | XOM: silly message
   319 | D:1      | HP: 1/21 [kobold (4)]
   671 | D:1      | XOM: harmless Ice miscast
   749 | D:1      | Reached XP level 3. HP: 22/26 MP: 3/3
  1034 | D:2      | XOM: divination: detect creatures
  1062 | D:2      | Noticed Natasha
  1069 | D:2      | Killed Natasha
  1069 | D:2      | Reached skill level 4 in Stealth
  1069 | D:2      | Reached XP level 4. HP: 11/31 MP: 4/4
  1159 | D:2      | Noticed Natasha
  1163 | D:2      | Slain by Natasha

Action                   |  1- 3 |  4- 6 || total
-------------------------+-------+-------++-------
Melee: Spear             |    75 |       ||    75
       Dagger            |    20 |     6 ||    26
  Use: Scroll            |     1 |       ||     1
 Stab: Sleeping          |     8 |       ||     8
       Petrifying        |     1 |       ||     1
       Confused          |     1 |       ||     1
